 Dungeon Crawl Stone Soup version 0.22.1-1-ga44c0e5 (webtiles) character file.

477778 lysyklops the Impregnable (level 23, 206/206 HPs)
             Began as a Minotaur Fighter on Sept 18, 2018.
             Was the Champion of Okawaru.
             Got out of the dungeon
             ... with 3 runes on Sept 21, 2018!
             The game lasted 04:21:04 (50448 turns).

lysyklops the Impregnable (Minotaur Fighter)       Turns: 50448, Time: 04:21:05

Health: 206/206    AC: 35    Str: 31    XL:     23   Next: 36%
Magic:  28/28      EV:  9    Int: 15    God:    Okawaru [******]
Gold:   4262       SH: 17    Dex: 19    Spells: 22/22 levels left

rFire    . . .     SeeInvis +   r - +8 autumn katana {slice, Clar}
rCold    + . .     Gourm    .   C - +1 shield of Hopscotch {*Drain rElec Int+3 Dex+8}
rNeg     . . .     Faith    .   a - +7 plate armour {MR+}
rPois    +         Spirit   +   q - +2 hat {Int+3}
rElec    +         Reflect  .   m - scarf {Spirit}
rCorr    .         Harm     .   Z - +2 pair of gloves {archery}
MR       ++++.     Clarity  +   N - +1 pair of boots of Insurance {Regen+ Str+3 Dex-2}
Stlth    ..........             U - amulet "Lutitutt" {rElec MR++ Regen+ SInv Stlth+}
HPRegen  1.24/turn              p - +5 ring of slaying
MPRegen  0.21/turn              T - ring "Umeh" {rElec rPois rC+ Int+4}

@: heavily drained
A: retaliatory headbutt, horns 2, frail 1
}: 3/15 runes: barnacled, silver, gossamer
a: Heroism, Finesse, Renounce Religion


You escaped.
You worshipped Okawaru.
Okawaru was exalted by your worship.
You were completely stuffed.

You visited 8 branches of the dungeon, and saw 40 of its levels.
You also visited: Labyrinth and Ice Cave.

You collected 5521 gold pieces.
You spent 1259 gold pieces at shops.

Inventory:

Hand Weapons
 c - the +7 demon blade of Slime {vamp, rPois}
   (Okawaru gifted it to you on level 2 of the Vaults)

   It inflicts no extra harm, but heals its wielder when it wounds a living foe.
   It protects you from poison.
 r - the +8 autumn katana (weapon) {slice, Clar}
   (Okawaru gifted it to you on level 1 of the Shoals)

   It inflicts extra damage upon your enemies.
   It protects you against confusion.
Armour
 a - a +7 plate armour of magic resistance (worn)
 m - a scarf of spirit shield (worn)
 q - a +2 hat of intelligence (worn)
 C - the +1 shield of Hopscotch (worn) {*Drain rElec Int+3 Dex+8}
   (You found it on level 5 of the Vaults)

   It affects your intelligence (+3).
   It affects your dexterity (+8).
   It insulates you from electricity.
   It causes draining when unequipped.
 H - a +0 large shield of protection
 N - the +1 pair of boots of Insurance (worn) {Regen+ Str+3 Dex-2}
   (Okawaru gifted it to you on level 11 of the Dungeon)

   It affects your strength (+3).
   It affects your dexterity (-2).
   It increases your rate of regeneration.
 Z - a +2 pair of gloves of archery (worn)
Jewellery
 b - the ring of Vetad {*Tele rF- Str+3 Int+4}
   (You took it off an ironbrand convoker on level 5 of the Vaults)

   [ring of teleportation]

   It may teleport you next to monsters.
   It affects your strength (+3).
   It affects your intelligence (+4).
   It makes you vulnerable to fire.
 p - a +5 ring of slaying (left hand)
 w - the amulet "Olol" {Acrobat -Tele rF- rC++ Str+2 Int+2}
   (You found it on level 1 of the Vaults)

   [amulet of the acrobat]

   It helps you evade while moving and waiting.
   It affects your strength (+2).
   It affects your intelligence (+2).
   It makes you vulnerable to fire.
   It greatly protects you from cold.
   It prevents most forms of teleportation.
 F - an uncursed ring of protection from magic
 O - an uncursed ring of resist corrosion
 S - the ring of Egomania {rN+ MR- EV+1 Str+4 Slay+2}
   (You found it on level 5 of the Vaults)

   [ring of evasion]

   It affects your evasion (+1).
   It affects your strength (+4).
   It affects your accuracy and damage with ranged weapons and melee attacks
   (+2).
   It protects you from negative energy.
   It affects your resistance to hostile enchantments.
 T - the ring "Umeh" (right hand) {rElec rPois rC+ Int+4}
   (You bought it in a shop on level 2 of the Orcish Mines)

   [ring of protection from cold]

   It affects your intelligence (+4).
   It protects you from cold.
   It insulates you from electricity.
   It protects you from poison.
 U - the amulet "Lutitutt" (around neck) {rElec MR++ Regen+ SInv Stlth+}
   (You took it off a deep elf mage on level 3 of the Elven Halls)

   [amulet of regeneration]

   It insulates you from electricity.
   It affects your resistance to hostile enchantments.
   It lets you see invisible.
   It increases your rate of regeneration.
   It makes you more stealthy.
 W - a +3 ring of evasion
Wands
 k - a wand of random effects (104)
 z - a wand of polymorph (51)
 A - a wand of flame (57)
 D - a wand of paralysis (12)
 J - a wand of acid (66)
 M - a wand of iceblast (65)
 P - a wand of clouds (9)
 V - a wand of disintegration (10)
Scrolls
 h - 9 scrolls of enchant weapon
 j - 6 scrolls of blinking
 o - 2 scrolls of fear
 t - 11 scrolls of magic mapping
 v - 17 scrolls of remove curse
 y - 7 scrolls of enchant armour
 B - 2 scrolls of silence
 I - 27 scrolls of identify
 Q - 9 scrolls of teleportation
 R - 7 scrolls of fog
Potions
 d - 5 potions of might
 e - 11 potions of curing
 g - 10 potions of ambrosia
 i - a potion of resistance
 l - 9 potions of cancellation
 n - 4 potions of lignification
 u - 7 potions of haste
 E - 5 potions of flight
 G - 4 potions of heal wounds
 K - 5 potions of magic
 L - 3 potions of brilliance
 X - 8 potions of berserk rage
 Y - 4 potions of agility
Miscellaneous
 s - 5 phantom mirrors
 x - a fan of gales
Comestibles
 f - 50 rations


   Skills:
 + Level 24.2(20.9) Fighting
 + Level 24.0(20.7) Long Blades
 + Level 24.2(20.9) Armour
 + Level 19.1(16.1) Shields
 - Level 8.0(5.7) Invocations
 - Level 8.0(5.7) Evocations


You had 22 spell levels left.
You didn't know any spells.
Your spell library contained the following spells:

 Spells                   Type           Power        Failure   Level  Hunger
 Animate Skeleton         Necr           N/A          69%         1    ##.....
 Apportation              Tloc           #.....       69%         1    ##.....
 Beastly Appendage        Tmut           #.....       69%         1    ##.....
 Confusing Touch          Hex            #.....       69%         1    ##.....
 Corona                   Hex            #......      69%         1    ##.....
 Flame Tongue             Conj/Fire      #....        69%         1    ##.....
 Freeze                   Ice            #...         69%         1    ##.....
 Pain                     Necr           #...         69%         1    ##.....
 Shock                    Conj/Air       #...         69%         1    ##.....
 Sting                    Conj/Pois      #...         69%         1    ##.....
 Summon Butterflies       Summ           #.......     69%         1    ##.....
 Summon Small Mammal      Summ           #...         69%         1    ##.....
 Corpse Rot               Necr           N/A          83%         2    ###....
 Poisonous Vapours        Pois/Air       #.....       83%         2    ###....
 Slow                     Hex            #.......     83%         2    ###....
 Sticks to Snakes         Tmut           #.......     83%         2    ###....
 Sublimation of Blood     Necr           #.........   83%         2    ###....
 Swiftness                Chrm/Air       #.......     83%         2    ###....
 Throw Flame              Conj/Fire      #.....       83%         2    ###....
 Throw Frost              Conj/Ice       #.....       83%         2    ###....
 Call Canine Familiar     Summ           #.......     96%         3    ####...
 Confuse                  Hex            #.......     96%         3    ####...
 Conjure Flame            Conj/Fire      #.......     96%         3    ####...
 Gell's Gravitas          Tloc           #.........   96%         3    ####...
 Ignite Poison            Fire/Tmut/Pois #.......     96%         3    ####...
 Inner Flame              Hex/Fire       #.......     96%         3    ####...
 Lesser Beckoning         Tloc           #.........   96%         3    ####...
 Mephitic Cloud           Conj/Pois/Air  #.......     96%         3    ####...
 Ozocubu's Armour         Chrm/Ice       #.......     96%         3    ####...
 Portal Projectile        Hex/Tloc       #.....       96%         3    ####...
 Recall                   Summ/Tloc      N/A          96%         3    ####...
 Regeneration             Chrm/Necr      #.........   96%         3    ####...
 Spider Form              Tmut/Pois      #.........   96%         3    ####...
 Static Discharge         Conj/Air       #.......     96%         3    ####...
 Tukima's Dance           Hex            #.......     96%         3    ####...
 Vampiric Draining        Necr           #.........   96%         3    ####...
 Airstrike                Air            #.........   100%        4    #####..
 Animate Dead             Necr           N/A          100%        4    #####..
 Cause Fear               Hex            #.........   100%        4    #####..
 Ice Form                 Ice/Tmut       #.......     100%        4    #####..
 Leda's Liquefaction      Hex/Erth       #.........   100%        4    #####..
 Olgreb's Toxic Radiance  Pois           #.......     100%        4    #####..
 Petrify                  Tmut/Erth      #.......     100%        4    #####..
 Sticky Flame             Conj/Fire      #.......     100%        4    #####..
 Summon Ice Beast         Ice/Summ       #.......     100%        4    #####..
 Throw Icicle             Conj/Ice       #.......     100%        4    #####..
 Agony                    Necr           #.......     100%        5    ######.
 Alistair's Intoxication  Tmut/Pois      #.......     100%        5    ######.
 Blade Hands              Tmut           #.........   100%        5    ######.
 Bolt of Draining         Conj/Necr      #.........   100%        5    ######.
 Bolt of Magma            Conj/Fire/Erth #.........   100%        5    ######.
 Borgnjor's Vile Clutch   Necr/Erth      #.........   100%        5    ######.
 Dispel Undead            Necr           #.......     100%        5    ######.
 Excruciating Wounds      Chrm/Necr      #.........   100%        5    ######.
 Fireball                 Conj/Fire      #.........   100%        5    ######.
 Irradiate                Conj/Tmut      #.........   100%        5    ######.
 Iskenderun's Battlesphe  Conj/Chrm      #.......     100%        5    ######.
 Lightning Bolt           Conj/Air       #.........   100%        5    ######.
 Metabolic Englaciation   Hex/Ice        #.........   100%        5    ######.
 Silence                  Hex/Air        #.........   100%        5    ######.
 Summon Mana Viper        Hex/Summ       #.......     100%        5    ######.
 Venom Bolt               Conj/Pois      #.........   100%        5    ######.
 Yara's Violent Unravell  Hex/Tmut       #.........   100%        5    ######.
 Bolt of Cold             Conj/Ice       #.........   100%        6    #######
 Death Channel            Necr           #.........   100%        6    #######
 Deflect Missiles         Chrm/Air       #.........   100%        6    #######
 Freezing Cloud           Conj/Ice/Air   #.........   100%        6    #######
 Invisibility             Hex            #.......     100%        6    #######
 Iron Shot                Conj/Erth      #.........   100%        6    #######
 Ozocubu's Refrigeration  Ice            #.........   100%        6    #######
 Simulacrum               Ice/Necr       #.........   100%        6    #######
 Statue Form              Tmut/Erth      #........    100%        6    #######
 Orb of Destruction       Conj           #.........   100%        7    #######
 Spellforged Servitor     Conj/Summ      #.........   100%        7    #######
 Summon Hydra             Summ           #.........   100%        7    #######
 Discord                  Hex            #.........   100%        8    #######
 Shatter                  Erth           #.........   100%        9    #######


Dungeon Overview and Level Annotations

Branches:
Dungeon (15/15)            Temple (1/1) D:4            Lair (6/6) D:11
 Shoals (4/4) Lair:4       Spider (4/4) Lair:3        Slime (0/5) Lair:6
    Orc (2/2) D:11            Elf (3/3) Orc:2        Vaults (5/5) D:14
  Crypt (0/3) Vaults:3     Depths (0/5) D:15

Altars:
Ashenzari
Cheibriados
Dithmenos
Elyvilon
Fedhas
Gozag
Hepliaklqana
Kikubaaqudgha
Makhleb
Nemelex Xobeh
Okawaru
Qazlal
Ru
Sif Muna
Trog
Uskayaw
Vehumet
Wu Jian
Xom
Yredelemnul
Zin
The Shining One
Beogh

Shops:
D:6 *   D:7 =   Orc:2 !(!=   Elf:1 :   Vaults:2 ?   Vaults:3 %

Annotations:
Lair:1 exclusion: oklob plant
Lair:6 exclusion: 2 oklob plants
Shoals:3 exclusion: Roxanne, Roxanne


Innate Abilities, Weirdness & Mutations

You reflexively headbutt those who attack you in melee.
You have a pair of horns on your head.
You are frail. (-10% HP)


Message History

(D) Dungeon (T) Temple (L) Lair (A) Shoals (N) Spider Nest (M) Slime Pits (O) Orcish Mines (E) Elven Halls (V) Vaults (C) Crypt (U) Depths
Where to? (Enter - D:1 @ (x,y), ? - help)
Okay, then.
You don't know any spells.
(D) Dungeon (T) Temple (L) Lair (A) Shoals (N) Spider Nest (M) Slime Pits (O) Orcish Mines (E) Elven Halls (V) Vaults (C) Crypt (U) Depths
Where to? (Enter - D:1 @ (x,y), ? - help)
What level of the Dungeon? (default 1, ? - help) You're already here!
Press: ? - help, v - describe, . - travel The floor.
Sorry, I don't know how to traverse that place.
You see here 20 arrows.
You see here 20 arrows.
There is a staircase leading out of the dungeon here.
Are you sure you want to leave the Dungeon?
This will make you lose the game!
You have escaped!

##
##.#
#.#
#.##
###..#
#....#
#....#
#....#
#.(..#
#.@>.#
######


There were no monsters in sight!

Vanquished Creatures
  Saint Roka (Vaults:5)
  3 golden dragons (Vaults:5)
  Nikola (Elf:3)
  The ghost of Zuyghoite the Impregnable, an adept MiFi of the Shining One (Vaults:3)
  3 tentacled monstrosities
  2 liches
  2 deep elf blademasters (Elf:3)
  2 deep elf master archers (Elf:3)
  Asterion (Vaults:3)
  4 titans
  Polyphemus (Shoals:3)
  4 sphinxes
  Frances (Shoals:1)
  Agnes (Spider:2)
  Ilsuiw (Shoals:2)
  9 shadow dragons (Vaults:5)
  5 tengu reavers
  17 vault wardens
  3 storm dragons (Vaults:5)
  2 fire giants (Vaults:5)
  2 iron dragons (Vaults:5)
  2 deep elf sorcerers (Elf:3)
  5 emperor scorpions
  3 frost giants
  2 orc warlords (Orc:2)
  5 ghost moths
  5 deep elf elementalists
  A ghoul (Vaults:3)
  4 very ugly things
  19 ironheart preservers
  5 entropy weavers
  A stone giant (shapeshifter) (Vaults:5)
  9 stone giants
  11 deep elf demonologists
  A minotaur (Lab)
  18 deep elf annihilators
  3 merfolk javelineers
  4 ettins
  10 deep elf death magi
  2 spark wasps
  13 yaktaur captains
  7 merfolk impalers
  6 fire dragons
  3 deep elf high priests
  A rakshasa (Vaults:3)
  A quicksilver dragon zombie (Vaults:4)
  2 ice dragons
  Fannar (Lair:2)
  A spectral tengu (Vaults:3)
  5 hydras
  4 death knights
  38 vault guards
  A spectral frost giant (Vaults:3)
  A catoblepas (Shoals:3)
  35 two-headed ogres
  3 merfolk aquamancers
  4 centaur warriors
  13 ogre magi
  An alligator snapping turtle (Shoals:3)
  A merfolk avatar (Shoals:4)
  30 dancing weapons
  3 tengu warriors
  A satyr (Shoals:4)
  2 deep troll shamans
  2 death yaks
  4 orc high priests (Orc:2)
  2 deep troll earth magi
  4 small abominations
  Sonja (Lair:3)
  Nergalle (Lair:1)
  28 deep elf knights
  A spectral yaktaur (Vaults:3)
  5 skeletal warriors
  2 flayed ghosts (Vaults:5)
  A large abomination (Elf:3)
  14 deep trolls
  4 sea snakes
  2 glowing orange brains
  A deep troll (shapeshifter) (Vaults:5)
  3 unseen horrors
  4 wizards
  19 deep elf archers
  17 ironbrand convokers
  4 necromancers
  16 orb spiders
  An orb spider (shapeshifter) (Vaults:2)
  4 phantasmal warriors (Vaults:5)
  78 deep elf magi
  A mana viper (shapeshifter) (Vaults:4)
  17 orc knights
  4 harpies
  12 fauns
  36 wolf spiders
  36 ugly things
  A lindwurm (Lair:6)
  2 moths of wrath
  14 manticores
  10 orc sorcerers
  9 cyclopes
  4 elephants (Lair:6)
  4 black mambas
  4 merfolk sirens
  Maurice (D:8)
  12 vault sentinels
  3 water nymphs
  3 torpor snails
  An ice statue (IceCv)
  2 molten gargoyles (Lair:6)
  Psyche (D:8)
  A storm dragon simulacrum (Vaults:3)
  6 centaur skeletons
  6 gargoyles
  14 spiny frogs
  A komodo dragon (shapeshifter) (D:15)
  9 komodo dragons
  2 rime drakes
  22 freezing wraiths
  46 yaktaurs
  2 ice devils (D:15)
  A yaktaur skeleton (Vaults:4)
  A spectral glowing shapeshifter (Vaults:3)
  19 demonic crawlers
  8 trolls
  A human skeleton (Vaults:2)
  25 jumping spiders
  A troll (shapeshifter) (Elf:2)
  2 meliai (shapeshifter)
  6 wind drakes
  A wolf spider simulacrum (IceCv)
  10 hornets
  A polar bear (Lair:4)
  Grinder (D:6)
  25 merfolk
  A harpy skeleton (D:14)
  A tengu simulacrum (Vaults:3)
  13 slime creatures
  8 blink frogs
  2 meliai zombies (D:15)
  A dream sheep (shapeshifter) (Vaults:5)
  3 snapping turtles
  A snapping turtle (shapeshifter) (Vaults:5)
  12 hippogriffs
  12 dream sheep
  A frost giant simulacrum (Vaults:3)
  2 stone giant simulacra (Vaults:3)
  A shadow (D:12)
  4 air elementals
  32 tarantellas
  78 redbacks
  A tarantella (shapeshifter) (Vaults:1)
  4 wyverns
  9 water elementals
  3 fire bats (Lair:4)
  3 wraiths
  58 yaks
  An ettin skeleton (Vaults:2)
  3 human simulacra
  5 basilisks
  3 steam dragons
  4 hungry ghosts
  A human (D:7)
  Menkaure (D:3)
  4 hogs (D:7)
  10 vampire mosquitoes
  8 wargs
  A death yak simulacrum (IceCv)
  3 acid dragons
  3 hell hounds (Lair:6)
  9 water moccasins
  6 porcupines
  9 ice beasts
  A swamp drake (D:11)
  3 black bears
  A necrophage (D:9)
  78 orc warriors
  An eye of draining (D:13)
  3 sky beasts
  An alligator simulacrum (IceCv)
  A boggart (D:14)
  3 human zombies
  An elf skeleton (Vaults:4)
  60 ogres
  4 phantoms
  16 wolves
  25 centaurs
  14 crocodiles
  Blork the orc (D:5)
  6 big kobolds
  A big kobold (shapeshifter) (Elf:3)
  16 bullfrogs
  A wyvern zombie (D:7)
  2 glowing shapeshifter simulacra (Vaults:3)
  A water moccasin zombie (D:10)
  A gnoll sergeant (D:8)
  2 earth elementals (Elf:2)
  A wyvern skeleton (D:14)
  3 scorpions
  20 killer bees
  5 wights (D:8)
  A howler monkey (D:4)
  An electric eel (Elf:3)
  12 crimson imps
  9 lava snakes
  3 centaur zombies
  A quasit (D:8)
  3 bullfrog zombies
  5 draconian simulacra (IceCv)
  11 jellies
  11 hounds
  50 orc priests
  42 orc wizards
  4 bullfrog skeletons
  6 iguanas
  6 troll simulacra (IceCv)
  Natasha (twice) (D:2)
  2 hell rats (Lair:5)
  7 worker ants
  A polar bear simulacrum (IceCv)
  3 centaur simulacra (IceCv)
  2 hound zombies
  A hound skeleton (D:7)
  2 worker ant zombies (D:11)
  6 gnolls
  A howler monkey skeleton (D:8)
  2 ogre simulacra (IceCv)
  24 adders
  4 naga simulacra (IceCv)
  4 river rats (Lair:5)
  5 shadow imps
  12 white imps (IceCv)
  An ooze (D:3)
  2 adder skeletons
  3 dart slugs
  3 worms
  2 leopard geckos
  178 orcs
  2 ball pythons
  10 bats
  5 giant cockroaches
  8 hobgoblins
  16 jackals
  26 kobolds
  3 quokkas
  8 frilled lizards
  6 goblins
  A jackal skeleton (D:6)
  A leopard gecko skeleton (D:4)
  A leopard gecko zombie (D:6)
  A quokka zombie (D:7)
  16 rats
  A crawling corpse (Elf:3)
2089 creatures vanquished.

Vanquished Creatures (others)
  A merfolk impaler (Shoals:4)
  A merfolk aquamancer (Shoals:4)
  A satyr (Shoals:2)
  A demonic crawler (Spider:3)
  A tarantella (Spider:4)
  2 centaurs (Shoals:3)
  An orc priest (Vaults:5)
  2 orcs
  2 bushes
  3 fungi
  4 plants
19 creatures vanquished.

Grand Total: 2108 creatures vanquished

Notes
Turn   | Place    | Note
-------+----------+-------------------------------------------
     0 | D:1      | lysyklops the Minotaur Fighter began the quest for the Orb.
     0 | D:1      | Reached XP level 1. HP: 19/19 MP: 0/0
   141 | D:1      | Reached XP level 2. HP: 24/27 MP: 1/1
   549 | D:1      | Reached XP level 3. HP: 32/33 MP: 2/2
   731 | D:2      | Noticed Natasha
   985 | D:2      | Reached XP level 4. HP: 38/41 MP: 3/3
  1072 | D:2      | Killed Natasha
  1142 | D:2      | Reached XP level 5. HP: 47/47 MP: 4/4
  1279 | D:2      | Found an opulent altar of Gozag.
  1284 | D:2      | Found a snail-covered altar of Cheibriados.
  1288 | D:2      | Found a white marble altar of Elyvilon.
  1457 | D:3      | Reached skill level 5 in Fighting
  1572 | D:3      | Reached skill level 5 in Armour
  1709 | D:3      | Reached skill level 5 in Shields
  1824 | D:3      | Reached XP level 6. HP: 56/56 MP: 5/5
  2500 | D:4      | Found a shattered altar of Ashenzari.
  2545 | D:4      | Noticed Menkaure
  2713 | D:3      | Killed Menkaure
  3163 | D:4      | Reached XP level 7. HP: 36/62 MP: 6/6
  3482 | D:4      | Found a blossoming altar of Fedhas.
  3682 | D:4      | Found a staircase to the Ecumenical Temple.
  3691 | Temple   | Entered the Ecumenical Temple
  3838 | Temple   | Became a worshipper of Warmaster Okawaru
  3936 | D:5      | Entered Level 5 of the Dungeon
  3954 | D:5      | Reached skill level 5 in Long Blades
  4335 | D:5      | Reached * piety under Okawaru
  4424 | D:5      | Noticed Blork the orc
  4433 | D:5      | Killed Blork the orc
  4694 | D:6      | Reached XP level 8. HP: 60/71 MP: 7/7
  4752 | D:6      | Found Zeosas's General Store.
  4773 | D:6      | Bought a scroll of identify for 22 gold pieces
  4773 | D:6      | Bought a potion of might for 44 gold pieces
  4773 | D:6      | Bought a scroll of identify for 22 gold pieces
  4773 | D:6      | Bought a scroll of enchant armour for 82 gold pieces
  5038 | D:6      | Noticed Grinder
  5038 | D:6      | Paralysed by Grinder for 4 turns
  5044 | D:6      | Paralysed by Grinder for 2 turns
  5059 | D:6      | Killed Grinder
  5059 | D:6      | Reached ** piety under Okawaru
  5704 | D:6      | Found a burning altar of Makhleb.
  6041 | D:6      | Found a hazy altar of Hepliaklqana.
  6169 | D:7      | Reached XP level 9. HP: 69/81 MP: 8/8
  6355 | D:7      | Reached *** piety under Okawaru
  6598 | D:7      | Found Siuriety's Jewellery Shop.
  6804 | D:7      | Found a glowing silver altar of Zin.
  6816 | D:7      | Reached **** piety under Okawaru
  7068 | D:7      | Reached XP level 10. HP: 34/91 MP: 9/9
  7466 | D:8      | Paralysed by a hornet for 3 turns
  7477 | D:7      | Paralysed by a hornet for 3 turns
  7850 | D:8      | Noticed an eight-headed hydra
  8162 | D:8      | Found a stormy altar of Qazlal.
  8162 | D:8      | Found an ancient bone altar of Kikubaaqudgha.
  8421 | D:8      | Noticed Maurice
  8436 | D:8      | Killed Maurice
  8436 | D:8      | Reached ***** piety under Okawaru
  8436 | D:8      | Reached skill level 10 in Fighting
  8436 | D:8      | Reached skill level 10 in Armour
  8450 | D:8      | Reached skill level 10 in Shields
  8452 | D:8      | Noticed a brown ugly thing
  8492 | D:8      | Killed a brown ugly thing
  9018 | D:8      | Received a gift from Okawaru
  9018 | D:8      | Reached skill level 10 in Long Blades
  9395 | D:8      | Noticed Psyche
  9407 | D:8      | Killed Psyche
  9639 | D:9      | Got an ancient chain mail
  9711 | D:9      | Identified the cursed +0 chain mail of Submission {MP+9}
                  | (You found it on level 9 of the Dungeon)
  9970 | D:8      | Reached XP level 11. HP: 68/101 MP: 10/10
 10920 | D:10     | Entered Level 10 of the Dungeon
 10989 | D:10     | Noticed a two-headed ogre
 11028 | D:10     | Noticed a two-headed ogre
 11200 | D:10     | Killed a two-headed ogre
 11280 | D:10     | Killed a two-headed ogre
 11673 | D:11     | Noticed a cyan ugly thing
 11765 | D:11     | Killed a cyan ugly thing
 11765 | D:11     | Received a gift from Okawaru
 11766 | D:11     | Got a pair of transparent boots {god gift}
 11777 | D:11     | Identified the +1 pair of boots of Insurance {Regen+ Str+3
                  | Dex-2} (Okawaru gifted it to you on level 11 of the
                  | Dungeon)
 11841 | D:11     | Noticed a two-headed ogre
 12006 | D:10     | Killed a two-headed ogre
 12063 | D:11     | Noticed a green ugly thing
 12081 | D:11     | Killed a green ugly thing
 12289 | D:11     | Reached XP level 12. HP: 112/112 MP: 11/11
 12311 | D:11     | Found a staircase to the Lair.
 12684 | D:11     | Found a staircase to the Orcish Mines.
 12865 | Lair:1   | Entered Level 1 of the Lair of Beasts
 12964 | Lair:1   | Noticed a seven-headed hydra
 13100 | Lair:1   | an 11-headed hydra changed into something unseen
 13121 | Lair:1   | Killed a ghost moth
 13354 | Lair:1   | Noticed Nergalle
 13382 | Lair:1   | Killed Nergalle
 13670 | Lair:1   | Noticed a seven-headed hydra
 13710 | Lair:1   | Killed a nine-headed hydra
 13710 | Lair:1   | Reached ****** piety under Okawaru
 14298 | Lair:2   | Found a shimmering altar of Xom.
 14363 | Lair:2   | Received a gift from Okawaru
 14503 | Lair:2   | Got a translucent glaive
 14601 | Lair:2   | Noticed Fannar
 14645 | Lair:2   | Killed Fannar
 15367 | Lair:3   | Noticed Sonja
 15385 | Lair:3   | HP: 4/115 [acid (11)]
 15617 | Lair:3   | Found a hole to the Spider Nest.
 15631 | Lair:3   | Reached XP level 13. HP: 122/122 MP: 12/12
 15721 | Lair:3   | Killed Sonja
 16857 | Lair:4   | Received a gift from Okawaru
 16889 | Lair:4   | Found a staircase to the Shoals.
 18193 | Lair:6   | Entered Level 6 of the Lair of Beasts
 18498 | Lair:6   | Found a staircase to the Slime Pits.
 18873 | Lair:6   | Received a gift from Okawaru
 19025 | Lair:6   | Reached skill level 15 in Armour
 19025 | Lair:6   | Reached skill level 1 in Evocations
 19025 | Lair:6   | Reached XP level 14. HP: 112/133 MP: 11/13
 19071 | Lair:6   | Reached skill level 15 in Fighting
 19464 | Lair:6   | Found a large runed door.
 19465 | Lair:6   | Found a large runed door.
 19504 | Lair:6   | Reached skill level 15 in Long Blades
 20292 | Orc:1    | Entered Level 1 of the Orcish Mines
 20462 | Orc:1    | Paralysed by an orc sorcerer for 2 turns
 21030 | Orc:2    | Entered Level 2 of the Orcish Mines
 21377 | Orc:2    | Received a gift from Okawaru
 21378 | Orc:2    | Got an encrusted great mace {god gift}
 21646 | Orc:2    | Noticed an orc warlord
 21705 | Orc:2    | Killed an orc warlord
 21945 | Orc:2    | Found a roughly hewn altar of Beogh.
 22097 | Orc:2    | Received a gift from Okawaru
 22174 | Orc:2    | Found Ret Vuav's Distillery.
 22184 | Orc:2    | Bought a potion of brilliance for 56 gold pieces
 22351 | Orc:2    | Got a bloodstained long sword
 22352 | Orc:2    | Identified the cursed +3 long sword "Quloplea" {freeze,
                  | rPois MR+ MP-9} (You found it on level 2 of the Orcish
                  | Mines)
 22405 | Orc:2    | Found a staircase to the Elven Halls.
 22452 | Orc:2    | Noticed an orc warlord
 22471 | Orc:2    | Killed an orc warlord
 22688 | Orc:2    | Found a roughly hewn altar of Beogh.
 22924 | Orc:2    | Found Isacla Sulle's Distillery.
 22944 | Orc:2    | Bought a potion of heal wounds for 70 gold pieces
 22950 | Orc:2    | Found Gaow's Weapon Shop.
 22950 | Orc:2    | Noticed a stone giant
 22957 | Orc:2    | Killed a stone giant
 23086 | Orc:2    | Reached skill level 5 in Evocations
 23146 | Orc:2    | Found Asinaso's Jewellery Emporium.
 23280 | Orc:2    | Bought a +3 amulet of reflection for 172 gold pieces
 23280 | Orc:2    | Bought the ring "Umeh" {rElec rPois rC+ Int+4} for 567 gold
                  | pieces
 23835 | Shoals:1 | Entered Level 1 of the Shoals
 24243 | Shoals:2 | Reached XP level 15. HP: 140/144 MP: 6/17
 24854 | Shoals:1 | Noticed Frances
 24905 | Shoals:1 | Killed Frances
 24905 | Shoals:1 | Received a gift from Okawaru
 24906 | Shoals:1 | Found the +8 autumn katana {slice, Clar}
 25563 | Shoals:3 | Noticed Ilsuiw
 25633 | Shoals:2 | Killed Ilsuiw
 25633 | Shoals:2 | Received a gift from Okawaru
 26018 | Shoals:3 | Found a deep blue altar of Sif Muna.
 26183 | Shoals:3 | Noticed Polyphemus
 26209 | Shoals:3 | Killed Polyphemus
 26406 | Shoals:3 | Noticed Roxanne
 26666 | Shoals:3 | Received a gift from Okawaru
 26777 | Shoals:4 | Entered Level 4 of the Shoals
 26972 | Shoals:4 | Noticed a frost giant
 27119 | Shoals:4 | Killed a frost giant
 27154 | Shoals:4 | Reached XP level 16. HP: 78/155 MP: 11/20
 27521 | Shoals:4 | Got a barnacled rune of Zot
 28196 | D:2      | Noticed Natasha
 28202 | D:2      | Killed Natasha
 28953 | D:12     | Reached skill level 1 in Invocations
 29230 | D:13     | Received a gift from Okawaru
 30213 | D:14     | Found a glowing golden altar of the Shining One.
 30429 | D:14     | Received a gift from Okawaru
 30515 | D:14     | Found a roughly hewn altar of Beogh.
 30742 | D:14     | Found a labyrinth entrance.
 30751 | Lab      | Entered a labyrinth
 31118 | Lab      | Got a clouded amber ring
 31120 | Lab      | Identified the ring of the Past {Fire *Corrode Str+4 Int+4}
                  | (You took it off a minotaur in a labyrinth)
 31134 | Lab      | Got a scintillating amber ring
 31136 | Lab      | Identified the cursed ring of Voplipn {rN+ AC-3} (You found
                  | it in a labyrinth)
 31366 | D:14     | Found a gate to the Vaults.
 31417 | D:15     | Entered Level 15 of the Dungeon
 31503 | D:15     | Found a frozen archway.
 31517 | IceCv    | Entered an ice cave
 31685 | IceCv    | Found an ancient bone altar of Kikubaaqudgha.
 32138 | D:15     | Received a gift from Okawaru
 32550 | D:15     | Found a staircase to the Depths.
 32564 | D:15     | Reached XP level 17. HP: 148/163 MP: 20/22
 32768 | Elf:1    | Entered Level 1 of the Elven Halls
 32890 | Elf:1    | Reached skill level 5 in Invocations
 33037 | Elf:1    | Received a gift from Okawaru
 33119 | Elf:1    | Found Roptudac's Book Boutique.
 33581 | Elf:1    | Received a gift from Okawaru
 34035 | Elf:2    | Found a deep blue altar of Sif Muna.
 34311 | Elf:2    | Received a gift from Okawaru
 34533 | Elf:2    | Found a runed gate.
 34586 | Elf:2    | Found a runed gate.
 34586 | Elf:2    | Found a runed gate.
 34882 | Elf:2    | Reached skill level 15 in Shields
 35004 | Elf:2    | Received a gift from Okawaru
 35136 | Elf:2    | Reached XP level 18. HP: 162/176 MP: 19/23
 35301 | Elf:3    | Entered Level 3 of the Elven Halls
 35398 | Elf:3    | Noticed Nikola
 35402 | Elf:3    | Killed Nikola
 35852 | Elf:3    | Received a gift from Okawaru
 35854 | Elf:3    | Got a pitted cloak {god gift}
 35975 | Elf:2    | Identified the +2 cloak of Dyspraxia {rElec rF+ rC+ Str-4}
                  | (Okawaru gifted it to you on level 3 of the Elven Halls)
 36437 | Elf:3    | Noticed an Ice Fiend
 36439 | Elf:3    | Noticed a Brimstone Fiend
 36609 | Elf:3    | Got a glittering bone amulet
 36617 | Elf:3    | Identified the amulet "Lutitutt" {rElec MR++ Regen+ SInv
                  | Stlth+} (You took it off a deep elf mage on level 3 of the
                  | Elven Halls)
 36656 | Elf:3    | Received a gift from Okawaru
 36803 | Elf:3    | Got a translucent rapier {antimagic}
 36804 | Elf:3    | Identified the +8 rapier "Demonbane" {antimagic, Int+2}
                  | (You took it off a deep elf mage on level 3 of the Elven
                  | Halls)
 37613 | Spider:1 | Entered Level 1 of the Spider Nest
 37752 | Spider:1 | Reached XP level 19. HP: 168/185 MP: 20/24
 37873 | Spider:1 | Received a gift from Okawaru
 38908 | Spider:2 | Noticed Agnes
 38916 | Spider:2 | Killed Agnes
 40011 | Spider:4 | Entered Level 4 of the Spider Nest
 40249 | Spider:4 | Received a gift from Okawaru
 40289 | Spider:4 | Got a shimmering crystal plate armour {god gift}
 40300 | Spider:4 | Identified the +1 crystal plate armour of Tulips {Dex+4}
                  | (Okawaru gifted it to you on level 4 of the Spider Nest)
 40899 | Spider:4 | Got a gossamer rune of Zot
 40910 | Spider:4 | Got a crystal dagger
 41236 | Vaults:1 | Entered Level 1 of the Vaults
 41509 | Vaults:1 | Reached XP level 20. HP: 192/198 MP: 23/25
 41543 | Vaults:1 | Got a transparent ruby amulet
 41577 | Vaults:1 | Identified the amulet "Olol" {Acrobat -Tele rF- rC++ Str+2
                  | Int+2} (You found it on level 1 of the Vaults)
 42300 | Vaults:1 | Received a gift from Okawaru
 42630 | Vaults:2 | Found Emenik's Magic Scroll Boutique.
 42638 | Vaults:2 | Bought a scroll of enchant weapon for 112 gold pieces
 42638 | Vaults:2 | Bought a scroll of enchant weapon for 112 gold pieces
 43898 | Vaults:2 | Received a gift from Okawaru
 43903 | Vaults:2 | Got a brightly glowing demon blade {god gift}
 43906 | Vaults:2 | Identified the +7 demon blade of Slime {vamp, rPois}
                  | (Okawaru gifted it to you on level 2 of the Vaults)
 44101 | Vaults:3 | Gained mutation: You are frail. (-10% HP) [a cacodemon]
 44106 | Vaults:3 | Found Hocsunli's Food Boutique.
 44449 | Vaults:3 | Reached XP level 21. HP: 182/186 MP: 24/26
 44536 | Vaults:3 | Received a gift from Okawaru
 44813 | Vaults:3 | Found a staircase to the Crypt.
 45075 | Vaults:3 | Found a runed gate.
 45075 | Vaults:3 | Found a runed gate.
 45075 | Vaults:3 | Found a runed gate.
 45077 | Vaults:3 | Noticed Zuyghoite's ghost (adept MiFi)
 45135 | Vaults:3 | Killed Zuyghoite's ghost
 45388 | Vaults:3 | Noticed Asterion
 45397 | Vaults:3 | Killed Asterion
 45718 | Vaults:4 | Received a gift from Okawaru
 46216 | Vaults:4 | Received a gift from Okawaru
 46560 | Vaults:4 | Received a gift from Okawaru
 46986 | Vaults:4 | Reached XP level 22. HP: 187/198 MP: 23/27
 47485 | Vaults:4 | Received a gift from Okawaru
 47583 | Vaults:5 | Entered Level 5 of the Vaults
 47583 | Vaults:5 | Found the +7 mace of Variability {chain chaos}
 47827 | Vaults:5 | Noticed a golden dragon
 47836 | Vaults:5 | Killed a golden dragon
 47837 | Vaults:5 | Noticed a golden dragon
 47847 | Vaults:5 | Killed a golden dragon
 48139 | Vaults:5 | Got a steaming wooden ring
 48141 | Vaults:5 | Identified the ring of Egomania {rN+ MR- EV+1 Str+4 Slay+2}
                  | (You found it on level 5 of the Vaults)
 48217 | Vaults:5 | Got a silver rune of Zot
 48611 | Vaults:5 | Received a gift from Okawaru
 48652 | Vaults:5 | Reached XP level 23. HP: 171/206 MP: 24/28
 48657 | Vaults:5 | Noticed Saint Roka
 48693 | Vaults:5 | Killed Saint Roka
 49099 | Vaults:5 | Got an encrusted shield
 49110 | Vaults:5 | Identified the +1 shield of Hopscotch {*Drain rElec Int+3
                  | Dex+8} (You found it on level 5 of the Vaults)
 49427 | Vaults:5 | Received a gift from Okawaru
 49595 | Vaults:5 | Got a brightly glowing platinum ring
 49597 | Vaults:5 | Identified the ring of Vetad {*Tele rF- Str+3 Int+4} (You
                  | took it off an ironbrand convoker on level 5 of the Vaults)
 49708 | Vaults:5 | Identified the Grimoire of Poison
 50001 | Vaults:5 | Upgraded the game from 0.22.1 to 0.22.1-1-ga44c0e5
 50448 | D:$      | Got out of the dungeon!

Skill      XL: |  1  2  3  4  5  6  7  8  9 10 11 12 13 14 15 16 17 18 19 20 21 22 23 |
---------------+----------------------------------------------------------------------+-----
Fighting       | 4 5 6 8 9 10 12 13 14 16 17 18 19 20 21 22 23 24 | 24.2
Armour         | 4 5 6 8 9 10 12 13 15 16 17 18 19 20 21 22 23 24 | 24.2
Shields        | 4 5 6 7 9 10 12 13 14 15 16 17 18 19 | 19.1
Long Blades    | 3 4 5 7 8 10 11 13 14 15 17 18 19 21 22 23 24 | 24.0
Evocations     | 1 5 7 8 |  8.0
Invocations    | 4 7 8 |  8.0

Action                   |  1- 3 |  4- 6 |  7- 9 | 10-12 | 13-15 | 16-18 | 19-21 | 22-24 || total
-------------------------+-------+-------+-------+-------+-------+-------+-------+-------++-------
Melee: Long sword        |    89 |   172 |   383 |    70 |   351 |       |       |       ||  1065
       Headbutt          |    13 |    34 |    76 |   250 |   532 |   324 |   528 |   221 ||  1978
       Falchion          |       |       |       |  1049 |  1523 |       |       |       ||  2572
       Katana            |       |       |       |       |   317 |  1433 |  2006 |   681 ||  4437
 Abil: Evoke Berserk Rag |       |       |       |     1 |       |       |       |       ||     1
       Evoke Flight      |       |       |       |       |     1 |     1 |       |       ||     2
Evoke: Wand              |       |       |       |    17 |     8 |     4 |       |     2 ||    31
  Use: Scroll            |     1 |       |       |    13 |    18 |     4 |       |     1 ||    37
       Potion            |       |       |       |    10 |     1 |     1 |     2 |     4 ||    18
  Eat: Chunk             |       |     5 |     6 |    21 |    33 |    11 |    15 |     5 ||    96
       Ration            |       |     1 |     2 |     4 |     2 |     7 |     7 |     4 ||    27
Armor: Scale mail        |    37 |    90 |   128 |    73 |       |       |       |       ||   328
       Chain mail        |       |       |       |   432 |    89 |       |       |       ||   521
       Plate armour      |       |       |       |       |   666 |   531 |   731 |   272 ||  2200
       Crystal plate arm |       |       |       |       |       |       |     9 |       ||     9
       Skin              |       |       |       |       |       |       |     1 |       ||     1
Dodge: Dodged            |    29 |    54 |   104 |   268 |   414 |   245 |   447 |   136 ||  1697
Block: Shield            |    47 |    90 |   169 |   700 |  1176 |   730 |   572 |    71 ||  3555
       Reflection        |       |       |       |       |    64 |    39 |       |       ||   103
       Large shield      |       |       |       |       |       |       |  1000 |   464 ||  1464
       Rpst.: Long sword |    11 |    17 |    36 |     4 |    11 |       |       |       ||    79
       Falchion          |       |       |       |    60 |    76 |       |       |       ||   136
       Katana            |       |       |       |       |     9 |    52 |    96 |    22 ||   179
